[Event "Titled Tuesday Blitz October 31 Late 2023"]
[White "Al-Tarboush, Ward"]
[Black "PapaieDudu"]
[WhiteFideId "7601450"]
[WhiteElo "2657"]
[BlackElo "2317"]
[Result "1-0"]
[Round "2"]
[TimeControl "180+1"]
[Date "2023.10.31"]
[WhiteClock "0:00:34"]
[BlackClock "0:00:12"]
[Board "74"]

1. e4 c5 2. Nf3 d6 3. d4 cxd4 4. Nxd4 Nf6 5. Nc3 a6 6. h3 b5 7. a4 e5 8. Nb3 bxa4 9. Rxa4 Bd7 10. Ra2 Be7 11. Be3 O-O 12. Bc4 Qc8 13. Na5 Bd8 14. Qe2 Nc6 15. Nxc6 Bxc6 16. Rxa6 Nxe4 17. Nxe4 Bxe4 18. Rxd6 Ra1+ 19. Rd1 Ba5+ 20. c3 Rxd1+ 21. Kxd1 Bxg2 22. Rg1 Qxh3 23. Kc1 Qf3 24. Qxf3 Bxf3 25. Bh6 g6 26. Bxf8 Kxf8 27. Rg3 Bc6 28. Bd3 Bb6 29. f3 h5 30. b4 Ke7 31. c4 h4 32. Rh3 g5 33. c5 Bd8 34. Be4 Bd7 35. Rh1 Be6 36. b5 f5 37. Ba8 Kd7 38. b6 Kc8 39. Rd1 g4 40. b7+ Kc7 41. Rxd8 Kxd8 42. b8=Q+ Ke7 43. Qd6+ Kf7 44. Qxe5 1-0


[Site "https://www.chess.com"]

[Event "Titled Tuesday Blitz October 31 Late 2023"]
[White "Kornyukov, Alexey"]
[Black "reevecanada"]
[WhiteFideId "4150457"]
[WhiteElo "2295"]
[BlackElo "2657"]
[Result "1-0"]
[Round "2"]
[TimeControl "180+1"]
[Date "2023.10.31"]
[WhiteClock "0:00:55"]
[BlackClock "0:01:07"]
[Board "75"]

1. d4 c5 2. d5 d6 3. c4 Nd7 4. Nc3 Ngf6 5. e4 g6 6. f3 Bg7 7. Nh3 O-O 8. Nf2 a6 9. a4 b6 10. Be2 Qc7 11. Bg5 e5 12. Qd2 Bb7 13. g4 Rfe8 14. h4 h5 15. Rg1 Kh7 16. Nh1 b5 17. cxb5 axb5 18. Nxb5 Qb6 19. Ng3 hxg4 20. fxg4 Ba6 21. h5 Bxb5 22. Bxb5 Qxb5 23. axb5 Rxa1+ 24. Kf2 Nxg4+ 25. Kg2 Rxg1+ 26. Kxg1 f6 27. hxg6+ Kxg6 28. Be3 Nb6 29. Qe2 Nxe3 30. Qh5# 1-0


[Site "https://www.chess.com"]

[Event "Titled Tuesday Blitz October 31 Late 2023"]
[White "Elbebiber"]
[Black "Tanaka, Taira Tyler"]
[BlackFideId "7002351"]
[WhiteElo "2163"]
[BlackElo "2650"]
[Result "0-1"]
[Round "2"]
[TimeControl "180+1"]
[Date "2023.10.31"]
[WhiteClock "0:00:00"]
[BlackClock "0:00:33"]
[Board "76"]

1. f4 e5 2. fxe5 d6 3. exd6 Bf5 4. Nf3 Nf6 5. d4 Bxd6 6. Bg5 O-O 7. e3 Re8 8. Qd2 h6 9. Bxf6 Qxf6 10. Bd3 Bxd3 11. cxd3 c5 12. O-O cxd4 13. Nxd4 Qe5 14. Nf3 Qxe3+ 15. Qxe3 Rxe3 16. Rd1 Nc6 17. Nc3 Rd8 18. Rd2 Bc5 19. d4 Nxd4 20. Kf1 Ree8 21. Rad1 Nc6 22. Nd5 Re4 23. Nf6+ gxf6 24. Rxd8+ Nxd8 25. Rxd8+ Kg7 26. Rd3 f5 27. a3 Bb6 28. Rd2 f4 29. Re2 Re3 30. Ne5 Rb3 31. Nc4 Bd4 32. a4 Rb4 33. Nd6 b6 34. Nf5+ Kf6 35. Nxd4 Rxd4 36. b3 Rb4 37. Rb2 Ke5 38. Ke2 Kd4 39. Kd2 f5 40. Kc2 Ke3 41. Kc3 Re4 42. Rb1 Kf2 43. Rb2+ Re2 44. Rb1 Kxg2 45. b4 f3 46. Kd3 Re4 47. Rb2+ f2 0-1


[Site "https://www.chess.com"]

[Event "Titled Tuesday Blitz October 31 Late 2023"]
[White "Luczak, Filip"]
[Black "Curtis, John"]
[WhiteFideId "1193686"]
[BlackFideId "3200256"]
[WhiteElo "2647"]
[BlackElo "2151"]
[Result "1/2-1/2"]
[Round "2"]
[TimeControl "180+1"]
[Date "2023.10.31"]
[WhiteClock "0:00:13"]
[BlackClock "0:00:45"]
[Board "77"]

1. b3 d5 2. Bb2 c5 3. e3 f6 4. Bb5+ Bd7 5. Qe2 e5 6. Bxd7+ Qxd7 7. e4 dxe4 8. Nc3 Nc6 9. Nxe4 Nd4 10. Bxd4 cxd4 11. c4 d3 12. Qe3 b6 13. Nf3 Ba3 14. O-O Ne7 15. Ne1 Rd8 16. c5 Nf5 17. Qh3 bxc5 18. Qh5+ Kf8 19. Kh1 g6 20. Qh3 Kg7 21. f4 Rhe8 22. fxe5 Rxe5 23. Nf2 Nd4 24. Nexd3 Qxh3 25. Nxh3 Re2 26. Rae1 Rde8 27. Nhf4 Rxe1 28. Rxe1 Rxe1+ 29. Nxe1 Bc1 30. Ned3 Bxd2 31. Nd5 Bb4 32. N3xb4 cxb4 33. Nxb4 Ne2 34. Nc6 Nc3 35. Nxa7 Nxa2 36. Kg1 f5 37. Kf2 Nc1 38. b4 Nd3+ 39. Ke3 Nxb4 40. Kd4 Kf6 41. Kc5 Nd3+ 42. Kd6 Ne1 43. g3 Nf3 44. h3 Ng5 45. h4 Ne4+ 46. Kd5 Nxg3 47. Nc6 g5 48. hxg5+ Kxg5 49. Ne5 h5 50. Nf3+ Kg4 51. Ne5+ Kf4 52. Ng6+ Kg5 53. Ne5 h4 54. Kd4 h3 55. Ke3 f4+ 56. Kf2 Kh4 57. Nf3+ Kg4 58. Nh2+ Kf5 59. Kf3 Ne4 60. Nf1 Ng5+ 61. Kf2 Kg4 62. Nh2+ Kh4 63. Nf1 Kg4 64. Nh2+ Kf5 65. Nf1 Ke4 66. Nd2+ Kf5 67. Nf1 1/2-1/2


[Site "https://www.chess.com"]

[Event "Titled Tuesday Blitz October 31 Late 2023"]
[White "Petersson, Kjell"]
[Black "Le, Quang Liem"]
[WhiteFideId "1705148"]
[BlackFideId "12401137"]
[WhiteElo "2162"]
[BlackElo "3047"]
[Result "0-1"]
[Round "2"]
[TimeControl "180+1"]
[Date "2023.10.31"]
[WhiteClock "0:00:07"]
[BlackClock "0:01:35"]
[Board "78"]

1. d4 Nf6 2. Bf4 b6 3. e3 Bb7 4. Nf3 Nh5 5. Bg3 d6 6. Bd3 Nd7 7. Nbd2 Nxg3 8. hxg3 g6 9. c3 Bg7 10. Qc2 c5 11. Ng5 e6 12. Nxf7 Kxf7 13. Rxh7 Qf6 14. Rxh8 Rxh8 15. O-O-O cxd4 16. exd4 Bxg2 17. f4 Bc6 18. Nc4 Bf8 19. g4 Qxf4+ 20. Kb1 Kg7 21. Bxg6 Rh2 22. Qd3 Qxg4 23. Ne3 Qxg6 24. Qxg6+ Kxg6 25. Rg1+ Kf7 26. Rf1+ Ke7 27. Ng4 Rg2 28. Ne3 Re2 29. Nc4 Be4+ 0-1


[Site "https://www.chess.com"]

[Event "Titled Tuesday Blitz October 31 Late 2023"]
[White "Seletsky, Grigory"]
[Black "Cordova, Emilio"]
[WhiteFideId "14112191"]
[BlackFideId "3801497"]
[WhiteElo "2475"]
[BlackElo "2926"]
[Result "0-1"]
[Round "2"]
[TimeControl "180+1"]
[Date "2023.10.31"]
[WhiteClock "0:00:00"]
[BlackClock "0:01:07"]
[Board "79"]

1. b3 d5 2. Bb2 c5 3. e3 f6 4. d4 Nc6 5. Nf3 e6 6. a3 Nh6 7. Bd3 Bd6 8. Nbd2 O-O 9. O-O e5 10. dxc5 Bxc5 11. b4 Bb6 12. e4 Be6 13. exd5 Bxd5 14. c4 Be6 15. c5 Qxd3 16. cxb6 axb6 17. Qb1 Rfd8 18. Qxd3 Rxd3 19. Rfe1 Rad8 20. Nf1 Nf5 21. Rac1 b5 22. Rc5 Nd6 23. Ne3 Nc4 24. Bc1 Nxe3 25. Bxe3 R8d5 26. Rxd5 Bxd5 27. Ra1 Bxf3 28. gxf3 g5 29. a4 bxa4 30. Rxa4 Rb3 31. Bc5 Kf7 32. Kg2 Kg6 33. Kf1 Kf5 34. Kg2 h5 35. Kf1 h4 36. Kg2 Nd8 37. Ra7 Ne6 38. Be3 Rxb4 39. h3 Rb1 40. Ra8 b5 41. Rb8 b4 42. Rb6 b3 43. Rb5 Nf4+ 44. Bxf4 gxf4 45. Rb6 b2 46. Kh2 Kg5 47. Kg2 f5 0-1


[Site "https://www.chess.com"]

[Event "Titled Tuesday Blitz October 31 Late 2023"]
[White "Rustemov, Alexander"]
[Black "Reprintsev, Alexander"]
[WhiteFideId "4119002"]
[BlackFideId "14100541"]
[WhiteElo "2867"]
[BlackElo "2498"]
[Result "1-0"]
[Round "2"]
[TimeControl "180+1"]
[Date "2023.10.31"]
[WhiteClock "0:00:15"]
[BlackClock "0:00:07"]
[Board "80"]

1. d4 d5 2. Nf3 Nc6 3. Bf4 Bg4 4. e3 e6 5. Be2 Bd6 6. Bg3 Nce7 7. c4 Nf6 8. Nc3 c6 9. O-O O-O 10. Rc1 a6 11. Qc2 Bf5 12. Qb3 b5 13. Bxd6 Qxd6 14. cxd5 cxd5 15. Ne5 Rfc8 16. a3 Nd7 17. Nxd7 Qxd7 18. Na2 Ra7 19. Rxc8+ Qxc8 20. Rc1 Rc7 21. Rxc7 Qxc7 22. Qc3 Qxc3 23. Nxc3 Nc6 24. b4 Kf8 25. Kf1 Ke7 26. Ke1 f6 27. Kd2 Kd6 28. Na2 e5 29. Kc3 Bb1 30. Nc1 Bf5 31. Nb3 Bc8 32. Nc5 Nd8 33. a4 bxa4 34. Nxa4 exd4+ 35. exd4 Kc6 36. Nc5 Kb6 37. Bf3 a5 38. bxa5+ Kxa5 39. Bxd5 Kb5 40. Kd3 Nc6 41. Bxc6+ Kxc6 42. Ke4 Kd6 43. g3 Bh3 44. Nd3 Bg2+ 45. f3 Bf1 46. Nf4 Bc4 47. Nh5 f5+ 48. Kf4 g6 49. Nf6 h6 50. g4 Ke6 51. g5 h5 52. Ne8 Bb3 53. Nc7+ Kd6 54. Na6 Kd5 55. Ke3 f4+ 56. Kd3 Bc4+ 57. Kc3 Bxa6 58. h4 Bc8 59. Kd3 Bf5+ 60. Kc3 Be6 61. Kd3 Bf5+ 62. Kc3 Bd3 63. Kxd3 Kd6 64. Ke4 Ke6 65. d5+ Kd6 66. Kd4 1-0


[Site "https://www.chess.com"]

[Event "Titled Tuesday Blitz October 31 Late 2023"]
[White "Wanyama, Harold"]
[Black "Ashraf, Artin"]
[WhiteFideId "10000380"]
[BlackFideId "22514805"]
[WhiteElo "2461"]
[BlackElo "2846"]
[Result "0-1"]
[Round "2"]
[TimeControl "180+1"]
[Date "2023.10.31"]
[WhiteClock "0:00:00"]
[BlackClock "0:01:29"]
[Board "81"]

1. d4 f5 2. g3 Nf6 3. Bg2 g6 4. Nf3 Bg7 5. O-O O-O 6. c4 d6 7. Nc3 Nbd7 8. Rb1 e5 9. dxe5 dxe5 10. Ng5 Nc5 11. b4 Na6 12. b5 Nc5 13. Ba3 Nfd7 14. Qd5+ Kh8 15. Nf7+ Rxf7 16. Qxf7 e4 17. Rfd1 Qf6 18. Qxf6 Bxf6 19. Nd5 Be5 20. Bb2 c6 21. bxc6 bxc6 22. Ne7 Ba6 23. Nxc6 Bxb2 24. Rxb2 Bxc4 25. Rbd2 Bb5 26. Nb4 Ba4 27. Rc1 Rb8 28. Nd5 Bc6 29. h4 Kg7 30. Nf4 Ba4 31. Rc4 Rb1+ 32. Kh2 Ne5 33. Rxc5 Ng4+ 34. Kh3 Nxf2+ 35. Kh2 e3 36. Rc7+ Kh6 0-1


[Site "https://www.chess.com"]

[Event "Titled Tuesday Blitz October 31 Late 2023"]
[White "Taboas Rodriguez, Daniel"]
[Black "Lobanov, Sergei"]
[WhiteFideId "2208466"]
[BlackFideId "24183750"]
[WhiteElo "2470"]
[BlackElo "2818"]
[Result "0-1"]
[Round "2"]
[TimeControl "180+1"]
[Date "2023.10.31"]
[WhiteClock "0:00:00"]
[BlackClock "0:00:21"]
[Board "82"]

1. d4 Nf6 2. Nf3 d5 3. c4 e6 4. Nc3 Bb4 5. Bg5 h6 6. Bh4 Nbd7 7. e3 g5 8. Bg3 Ne4 9. Qc2 h5 10. cxd5 exd5 11. Bd3 h4 12. Bxe4 dxe4 13. Qxe4+ Kf8 14. Be5 f6 15. Qg6 Rg8 16. Qh6+ Kf7 17. O-O-O Bxc3 18. bxc3 Rg6 19. Qh7+ Rg7 20. Nxg5+ fxg5 21. Qxg7+ Ke6 22. Qg6+ Kd5 23. e4+ Kc4 24. Qe6+ Kb5 25. Qb3+ Ka6 26. Qa4+ Kb6 27. Kc2 a6 28. Qc4 c6 29. Rb1+ Ka7 30. Bd6 Qf6 31. Bc5+ b6 32. Ba3 Qxf2+ 33. Kb3 Bb7 34. Rhf1 Qxg2 35. Rf7 Rd8 36. Be7 Re8 37. e5 c5 0-1


[Site "https://www.chess.com"]

[Event "Titled Tuesday Blitz October 31 Late 2023"]
[White "Eljanov, Pavel"]
[Black "Yeritsyan, Hayk"]
[WhiteFideId "14102951"]
[BlackFideId "13307320"]
[WhiteElo "2813"]
[BlackElo "2442"]
[Result "1-0"]
[Round "2"]
[TimeControl "180+1"]
[Date "2023.10.31"]
[WhiteClock "0:02:45"]
[BlackClock "0:01:52"]
[Board "83"]

1. d4 d5 2. Nf3 Nf6 3. Bf4 c5 4. e3 cxd4 5. exd4 Nc6 6. c3 Bg4 7. Nbd2 e6 8. Qb3 Bxf3 9. Qxb7 Qc8 10. Qxc8+ Rxc8 11. Nxf3 Ne4 12. Ba6 Rd8 13. Bb5 1-0


[Site "https://www.chess.com"]

[Event "Titled Tuesday Blitz October 31 Late 2023"]
[White "Mekhitarian, Krikor Sevag"]
[Black "Musovic, Armin"]
[WhiteFideId "2107660"]
[BlackFideId "939935"]
[WhiteElo "2769"]
[BlackElo "2460"]
[Result "1-0"]
[Round "2"]
[TimeControl "180+1"]
[Date "2023.10.31"]
[WhiteClock "0:01:19"]
[BlackClock "0:00:37"]
[Board "84"]

1. Nf3 d5 2. c4 d4 3. b4 a5 4. Bb2 axb4 5. Bxd4 Nc6 6. Bb2 e5 7. Nxe5 Nxe5 8. Bxe5 Nf6 9. e3 Bf5 10. d4 c5 11. d5 Bd6 12. Bb2 O-O 13. Bd3 Bg4 14. Qc2 Re8 15. Nd2 Be5 16. Bxe5 Rxe5 17. O-O b6 18. e4 Ra3 19. f4 Rh5 20. Nb3 Qa8 21. e5 Nd7 22. Rf2 Nf8 23. Re1 Qa4 24. f5 Rg5 25. e6 fxe6 26. fxe6 Qe8 27. Ref1 Nxe6 28. dxe6 Bxe6 29. Bxh7+ 1-0


[Site "https://www.chess.com"]

[Event "Titled Tuesday Blitz October 31 Late 2023"]
[White "Nikolova, Adriana"]
[Black "Tokhirjonova, Gulrukhbegim"]
[WhiteFideId "2908689"]
[BlackFideId "14203626"]
[WhiteElo "2399"]
[BlackElo "2703"]
[Result "0-1"]
[Round "2"]
[TimeControl "180+1"]
[Date "2023.10.31"]
[WhiteClock "0:00:04"]
[BlackClock "0:00:13"]
[Board "85"]

1. d4 Nf6 2. Bf4 e6 3. e3 d5 4. Nf3 Bd6 5. Bg3 Ne4 6. Nbd2 O-O 7. Bd3 f5 8. Ne5 Nd7 9. f4 c5 10. c3 Nxe5 11. Bxe4 Ng4 12. Bb1 Nxe3 13. Qe2 cxd4 14. cxd4 Ng4 15. O-O Qb6 16. Nf3 Bd7 17. a4 Rac8 18. h3 Nf6 19. Kh1 Nh5 20. Bh2 Bxf4 21. Ne5 Bxe5 22. Bxe5 Nf6 23. Bd3 Be8 24. Rae1 Bh5 25. Qd2 Bg6 26. a5 Qd8 27. Bb1 Rc6 28. Rf3 Nh5 29. Rb3 b6 30. Kh2 f4 31. Bxg6 hxg6 32. Qd3 Qg5 33. Qf3 Kh7 34. axb6 axb6 35. Rc3 Rxc3 36. bxc3 Ra8 37. Rb1 Ra6 38. Qg4 Qf5 39. Qxf5 gxf5 40. h4 Kh6 41. Kh3 g5 42. hxg5+ Kxg5 43. Kh2 Ng3 44. Bc7 Ra2 45. Bd8+ Kg4 46. Bc7 Ne2 47. Kh1 f3 48. gxf3+ Kxf3 49. Rf1+ Ke3 50. Re1 f4 51. Rf1 Ng3+ 52. Kg1 Nxf1 53. Kxf1 f3 54. Kg1 Ra1+ 55. Kh2 f2 56. Bg3 f1=Q 57. c4 Qh1# 0-1


[Site "https://www.chess.com"]

[Event "Titled Tuesday Blitz October 31 Late 2023"]
[White "Zavgorodniy, Sergiy"]
[Black "Kawuma, Patrick"]
[WhiteFideId "14110148"]
[BlackFideId "10000127"]
[WhiteElo "2679"]
[BlackElo "2412"]
[Result "1-0"]
[Round "2"]
[TimeControl "180+1"]
[Date "2023.10.31"]
[WhiteClock "0:00:09"]
[BlackClock "0:00:00"]
[Board "86"]

1. d4 Nf6 2. c4 c5 3. Nf3 e6 4. d5 d6 5. Nc3 Na6 6. g3 Nc7 7. a4 exd5 8. cxd5 g6 9. Bg2 Bg7 10. O-O O-O 11. Nd2 Rb8 12. Nc4 Re8 13. Bf4 Bf8 14. Nb5 Nxb5 15. axb5 a6 16. bxa6 bxa6 17. Ra2 Rb4 18. Na5 Qb6 19. b3 Ne4 20. Qc1 Bd7 21. f3 Nf6 22. e4 Bb5 23. Rd1 Bg7 24. Bf1 Nh5 25. Be3 f5 26. Bg2 fxe4 27. fxe4 Nf6 28. Nc6 Bxc6 29. dxc6 Ng4 30. Kh1 Rxb3 31. Bg1 Qxc6 32. Qc4+ Kh8 33. Qxb3 Ne5 34. Qd5 Qb5 35. Qxd6 Qb3 36. Rxa6 c4 37. Rb6 Qc2 38. Rb8 1-0


[Site "https://www.chess.com"]

[Event "Titled Tuesday Blitz October 31 Late 2023"]
[White "Piesik, Piotr"]
[Black "Bokros, Albert"]
[WhiteFideId "1136194"]
[BlackFideId "710458"]
[WhiteElo "2648"]
[BlackElo "2345"]
[Result "1-0"]
[Round "2"]
[TimeControl "180+1"]
[Date "2023.10.31"]
[WhiteClock "0:01:27"]
[BlackClock "0:00:16"]
[Board "87"]

1. Nf3 d5 2. g3 Bg4 3. Bg2 c6 4. O-O Nf6 5. d3 e6 6. Nbd2 Nbd7 7. e4 dxe4 8. dxe4 e5 9. h3 Bh5 10. Qe1 Bc5 11. Nh4 Bg6 12. Nf5 Bxf5 13. exf5 O-O 14. Nb3 Bb6 15. a4 a5 16. Be3 Re8 17. Rd1 Bxe3 18. Qxe3 Qb6 19. Qxb6 Nxb6 20. Nc5 Rab8 21. g4 Nfd5 22. Rfe1 f6 23. b3 Nf4 24. Rd6 Nxg2 25. Kxg2 Nd5 26. c4 Nf4+ 27. Kg3 Red8 28. Rxd8+ Rxd8 29. Nxb7 Rd3+ 30. Re3 Rd1 31. Nxa5 Rg1+ 32. Kh2 Rg2+ 33. Kh1 Rxf2 34. Nxc6 Rb2 35. a5 h5 36. gxh5 Rb1+ 37. Kh2 Rb2+ 38. Kg1 Rb1+ 39. Kf2 Rb2+ 40. Kf3 Ng2 41. Rc3 Nh4+ 42. Ke4 Re2+ 43. Kd5 Nxf5 44. a6 Ra2 45. a7 Kf7 46. b4 Ne7+ 47. Nxe7 Kxe7 48. b5 Rxa7 49. b6 Rd7+ 50. Kc6 Rd6+ 51. Kb5 Kd7 52. c5 Rd5 53. Ka6 Kc6 54. b7 Rd8 55. Ka7 Rd7 56. Rb3 Kxc5 57. Ka8 e4 58. b8=Q 1-0


[Site "https://www.chess.com"]

[Event "Titled Tuesday Blitz October 31 Late 2023"]
[White "Zeynalli, Rashad"]
[Black "Williams, John M"]
[WhiteFideId "13403320"]
[BlackFideId "2046636"]
[WhiteElo "2629"]
[BlackElo "2377"]
[Result "1-0"]
[Round "2"]
[TimeControl "180+1"]
[Date "2023.10.31"]
[WhiteClock "0:00:10"]
[BlackClock "0:00:09"]
[Board "88"]

1. e4 e5 2. Nf3 Nf6 3. Nc3 Bb4 4. Nxe5 O-O 5. Bd3 Re8 6. Nf3 d5 7. e5 Nc6 8. O-O Ng4 9. Bb5 d4 10. Ne2 Ngxe5 11. Nxe5 Rxe5 12. Bxc6 bxc6 13. c3 d3 14. Nd4 Bb7 15. Nf3 Bd6 16. Nxe5 Bxe5 17. Re1 Bd6 18. Qf3 Qh4 19. g3 Qc4 20. b3 Qa6 21. c4 c5 22. Qxd3 Qc6 23. f3 h5 24. Bb2 h4 25. Qe4 Qxe4 26. fxe4 hxg3 27. hxg3 Bxg3 28. Re2 Re8 29. Rg2 Be5 30. Bxe5 Rxe5 31. d3 a5 32. Rf1 Bc8 33. Rf3 f6 34. Rfg3 Re7 35. Rf2 Kf8 36. Kf1 Be6 37. Ke1 Rd7 38. Kd2 Kf7 39. Kc3 Rd6 40. Rh2 Rd7 41. Rh7 Kg8 42. Rh5 g5 43. e5 1-0


[Site "https://www.chess.com"]

[Event "Titled Tuesday Blitz October 31 Late 2023"]
[White "Fiorito, Francisco"]
[Black "De Souza, Cristiano Gomes"]
[WhiteFideId "180165"]
[BlackFideId "2151758"]
[WhiteElo "2610"]
[BlackElo "2239"]
[Result "1-0"]
[Round "2"]
[TimeControl "180+1"]
[Date "2023.10.31"]
[WhiteClock "0:00:40"]
[BlackClock "0:00:27"]
[Board "89"]

1. d4 Nf6 2. Bf4 d6 3. h3 g6 4. e3 Bg7 5. Nf3 O-O 6. Be2 b6 7. a4 Ba6 8. Bxa6 Nxa6 9. a5 c5 10. O-O Nc7 11. c3 Ne4 12. Nbd2 Nxd2 13. Nxd2 e5 14. dxe5 dxe5 15. Bh2 Ne6 16. Nc4 Qc7 17. axb6 axb6 18. Qb3 Rab8 19. Qb5 Rfd8 20. Ra6 h6 21. Rxb6 Rxb6 22. Qxb6 Qxb6 23. Nxb6 Rd2 24. Nc4 Rc2 25. Rb1 f5 26. Bxe5 Ng5 27. Bxg7 Kxg7 28. f3 Ne6 29. Ne5 g5 30. Nd3 Kf6 31. Ne1 Re2 32. b4 cxb4 33. cxb4 Rxe3 34. b5 Nd8 35. b6 Nb7 36. Nc2 Re6 37. Kf2 Rc6 38. Nd4 Rc4 39. Ke3 Ke5 40. Ne2 Rc5 41. g3 Ra5 42. f4+ Kf6 43. Rb3 Ra6 44. Nd4 h5 45. fxg5+ Kxg5 46. Kf3 Ra4 47. Ne6+ Kf6 48. Nf4 Kg5 49. h4+ Kh6 50. Rb5 Ra3+ 51. Kg2 Ra6 52. Kh3 Ra1 53. Rxf5 Rb1 54. Rf6+ Kh7 55. Rf7+ 1-0


[Site "https://www.chess.com"]

[Event "Titled Tuesday Blitz October 31 Late 2023"]
[White "Nilsen, Tobias Lang"]
[Black "Muhammad Shahzeb"]
[WhiteFideId "1521624"]
[BlackFideId "7804806"]
[WhiteElo "2531"]
[BlackElo "2335"]
[Result "1-0"]
[Round "2"]
[TimeControl "180+1"]
[Date "2023.10.31"]
[WhiteClock "0:00:57"]
[BlackClock "0:00:00"]
[Board "90"]

1. e4 d5 2. exd5 Nf6 3. d4 Nxd5 4. c4 Nb6 5. Nc3 e5 6. dxe5 Qxd1+ 7. Kxd1 Nc6 8. Bf4 Bf5 9. Nf3 O-O-O+ 10. Kc1 Bc5 11. Bg3 Nb4 12. a3 Nd3+ 13. Bxd3 Rxd3 14. Rd1 Nxc4 15. Rxd3 Bxd3 16. Nd2 Rd8 17. Nxc4 Bxc4 18. Kc2 Bd3+ 19. Kb3 b5 20. Rd1 a5 21. a4 b4 22. Nb5 Bb6 23. Nd6+ cxd6 24. Rxd3 dxe5 25. Rxd8+ Kxd8 26. Bxe5 f6 27. Bg3 Kd7 28. Kc4 Kc6 29. f3 h5 30. h3 g6 31. Bf4 Bd8 32. Be3 Bc7 33. Bd4 f5 34. Bf6 Bb6 35. b3 Bc7 36. Be7 Bb6 37. Bf8 Ba7 38. Bg7 Bb6 39. Bh6 Bc5 40. Bg5 Bb6 41. Be7 Bc7 42. Kd4 Kd7 43. Bf8 Kc6 44. Bh6 Bd6 45. Bg5 Bc7 46. Bh4 Bb6+ 47. Ke5 Ba7 48. Bd8 Bb6 49. Bxb6 Kxb6 50. Kd6 Kb7 51. Kc5 1-0


[Site "https://www.chess.com"]

[Event "Titled Tuesday Blitz October 31 Late 2023"]
[White "Djordjevic, Dejan N"]
[Black "Gurevich, Dmitry"]
[WhiteFideId "913316"]
[BlackFideId "2000407"]
[WhiteElo "2025"]
[BlackElo "2531"]
[Result "1/2-1/2"]
[Round "2"]
[TimeControl "180+1"]
[Date "2023.10.31"]
[WhiteClock "0:00:11"]
[BlackClock "0:00:10"]
[Board "91"]

1. e4 c5 2. Nc3 g6 3. g3 Bg7 4. Bg2 Nc6 5. Nge2 d6 6. h3 Nf6 7. O-O O-O 8. d3 Rb8 9. Be3 b5 10. Qd2 b4 11. Nd1 a5 12. d4 cxd4 13. Nxd4 Nxd4 14. Bxd4 Bb7 15. Qd3 e5 16. Be3 d5 17. exd5 Bxd5 18. Bc5 Bxg2 19. Kxg2 Qxd3 20. cxd3 Rfd8 21. Ne3 Rxd3 22. Rfd1 Rbd8 23. Rxd3 Rxd3 24. Rd1 Rxd1 25. Nxd1 Nd7 26. Be3 f5 27. f3 Kf7 28. g4 Ke6 29. Kf1 Kd5 30. Ke2 e4 31. fxe4+ fxe4 32. b3 Ne5 33. Bb6 Nc6 34. Ne3+ Ke6 35. Nc4 Bd4 36. Bxa5 Nxa5 37. Nxa5 h5 38. gxh5 gxh5 39. Nc4 Kf5 40. a4 Kf4 41. a5 Kg3 42. Nd2 e3 43. Nc4 Kxh3 44. Nxe3 Bc5 45. a6 Kg3 46. Nf5+ Kf4 47. Nh4 Kg4 48. Ng2 Kg3 49. Ne3 Kf4 50. Ng2+ Kg4 51. Ne3+ Kg3 52. Nf5+ Kg4 53. Ne3+ Kg3 1/2-1/2


[Site "https://www.chess.com"]

[Event "Titled Tuesday Blitz October 31 Late 2023"]
[White "Sturt, Raven"]
[Black "VitaliyChayka"]
[WhiteFideId "2007304"]
[WhiteElo "2527"]
[BlackElo "2153"]
[Result "1/2-1/2"]
[Round "2"]
[TimeControl "180+1"]
[Date "2023.10.31"]
[WhiteClock "0:00:08"]
[BlackClock "0:00:02"]
[Board "92"]

1. f4 d5 2. Nf3 c6 3. e3 Bf5 4. Be2 e6 5. O-O h6 6. Nd4 Bh7 7. a3 Nf6 8. b4 Bd6 9. Bb2 Nbd7 10. d3 a5 11. bxa5 Rxa5 12. Nd2 O-O 13. Qe1 Qe7 14. N2f3 Rfa8 15. Ne5 Bxa3 16. Bc3 R5a6 17. Qg3 Bd6 18. Nxd7 Qxd7 19. Nxc6 Qxc6 20. Bxf6 Bf8 21. Rxa6 Rxa6 22. Bd1 Kh8 23. Bd4 Ra2 24. Qh4 Kg8 25. g4 Bc5 26. Qd8+ Bf8 27. f5 exf5 28. gxf5 Rxc2 29. f6 Bxd3 30. Bh5 Rc1 31. Qxf8+ Kxf8 32. fxg7+ Ke7 33. g8=Q Rxf1+ 34. Kg2 Qc2+ 35. Kh3 Bf5+ 36. Bg4 Bxg4+ 37. Qxg4 Qf5 38. Qxf5 Rxf5 39. Kg4 Rg5+ 40. Kf4 f6 41. h4 Rh5 42. Kg4 Re5 43. Kf4 Ke6 44. Kg4 b5 45. Bxe5 Kxe5 46. Kh5 f5 47. Kxh6 f4 48. exf4+ Kxf4 49. h5 d4 50. Kg7 d3 51. h6 d2 52. h7 d1=Q 53. h8=Q Qg1+ 54. Kf7 Qa7+ 55. Ke6 Qb6+ 56. Kd5 Qb7+ 57. Kc5 Qc7+ 58. Kb4 Qe7+ 59. Kxb5 Qe5+ 60. Qxe5+ Kxe5 1/2-1/2


[Site "https://www.chess.com"]

[Event "Titled Tuesday Blitz October 31 Late 2023"]
[White "Khismatullin, Denis"]
[Black "Davidson, Kevin"]
[WhiteFideId "4142578"]
[BlackFideId "2056810"]
[WhiteElo "2931"]
[BlackElo "2407"]
[Result "1-0"]
[Round "2"]
[TimeControl "180+1"]
[Date "2023.10.31"]
[WhiteClock "0:00:39"]
[BlackClock "0:00:00"]
[Board "93"]

1. e4 c5 2. Nf3 d6 3. c3 Nf6 4. g3 Nc6 5. d3 e6 6. Bg2 Be7 7. O-O O-O 8. Re1 Qc7 9. d4 cxd4 10. cxd4 d5 11. e5 Ne4 12. Nc3 Nxc3 13. bxc3 b6 14. h4 Ba6 15. Ng5 Rac8 16. Nh3 Na5 17. Re3 Nc4 18. Rf3 f5 19. exf6 Rxf6 20. Nf4 Bd6 21. Bf1 Rcf8 22. Bd3 Qf7 23. Kg2 e5 24. dxe5 Bxe5 25. Qc2 g6 26. Kg1 Bb7 27. Qe2 Qc7 28. a4 Bxf4 29. Rxf4 Rxf4 30. Bxf4 Rxf4 31. gxf4 Qxf4 32. Qe6+ Kg7 33. Qe7+ Qf7 34. Re1 1-0


[Site "https://www.chess.com"]

[Event "Titled Tuesday Blitz October 31 Late 2023"]
[White "Pinto, Daniel"]
[Black "Zhigalko, Sergei"]
[WhiteFideId "3303144"]
[BlackFideId "13502956"]
[WhiteElo "2407"]
[BlackElo "2902"]
[Result "0-1"]
[Round "2"]
[TimeControl "180+1"]
[Date "2023.10.31"]
[WhiteClock "0:00:06"]
[BlackClock "0:00:44"]
[Board "94"]

1. e4 c5 2. Nf3 Nc6 3. Bb5 Nf6 4. Nc3 Qc7 5. d3 d6 6. h3 e6 7. O-O Bd7 8. a4 a6 9. Bc4 Be7 10. Nh2 Nb4 11. Bf4 O-O 12. Ne2 b5 13. Bb3 c4 14. dxc4 bxc4 15. c3 cxb3 16. cxb4 e5 17. Bg5 Be6 18. Bxf6 Bxf6 19. Nc3 Qb7 20. b5 axb5 21. axb5 Qb6 22. Ng4 Bg5 23. Qd3 h5 24. Ne3 Bxe3 25. Qxe3 Qd4 26. Rad1 Qb4 27. Qb6 Rfd8 28. Rd2 Rab8 29. Qc7 Rbc8 30. Qb6 Qc5 31. Qxc5 dxc5 32. Rfd1 Rd4 33. f3 Bc4 34. b6 Rb8 35. Na4 Be2 36. Rxd4 cxd4 37. Rd2 Bb5 38. Nc5 Rxb6 39. Nxb3 Bc4 40. Nc1 Ra6 41. Kf2 Ra1 42. Ne2 h4 43. f4 f6 44. fxe5 fxe5 45. Ng1 Rf1# 0-1


[Site "https://www.chess.com"]

[Event "Titled Tuesday Blitz October 31 Late 2023"]
[White "Kovalev, Vladislav"]
[Black "hristos03"]
[WhiteFideId "13504398"]
[WhiteElo "2896"]
[BlackElo "2406"]
[Result "1-0"]
[Round "2"]
[TimeControl "180+1"]
[Date "2023.10.31"]
[WhiteClock "0:01:07"]
[BlackClock "0:00:02"]
[Board "95"]

1. d3 d5 2. Nf3 Nf6 3. g3 g6 4. Bg2 Bg7 5. O-O O-O 6. Nbd2 c6 7. e4 e6 8. Re1 b6 9. e5 Nfd7 10. Nf1 c5 11. h4 Nc6 12. Bf4 Bb7 13. N1h2 d4 14. Ng4 Ne7 15. Qd2 Nf5 16. Bg5 Qc7 17. h5 gxh5 18. Nf6+ Kh8 19. Nxh5 Rae8 20. Nxg7 Nxg7 21. Qf4 Nf5 22. Nh4 Nxh4 23. Bxh4 Bxg2 24. Kxg2 f5 25. c3 dxc3 26. bxc3 Rf7 27. d4 cxd4 28. cxd4 Qc6+ 29. Qf3 Qxf3+ 30. Kxf3 Nf8 31. Rac1 Rd7 32. Bf6+ Kg8 33. Rc4 Ng6 34. Rec1 Ne7 35. Rc7 Rxc7 36. Rxc7 Nd5 37. Rg7+ Kf8 38. Rxh7 Nxf6 39. exf6 Rd8 40. Rh8+ 1-0


[Site "https://www.chess.com"]